 Dungeon Crawl Stone Soup version 0.23.1 (webtiles) character file.

Game seed: 8430808189889770200

104 Borgoz the Sneak (level 4, -8/35 HPs)
             Began as a Ghoul Enchanter on Mar 2, 2019.
             Killed by divine providence
             ... invoked by an orc priest
              (13 damage)
             ... on level 3 of the Dungeon.
             The game lasted 00:05:08 (2527 turns).

Borgoz the Sneak (Ghoul Enchanter)                  Turns: 2527, Time: 00:05:09

Health: -8/35      AC:  6    Str: 11    XL:     4   Next: 80%
Magic:  6/6        EV: 10    Int: 10    God:
Gold:   66         SH:  0    Dex: 10    Spells: 4/7 levels left

rFire    . . .     SeeInvis .     - Unarmed
rCold    + . .     Gourm    .   (no shield)
rNeg     + + +     Faith    .   g - +0 ring mail (curse)
rPois    ∞         Spirit   .   (no helmet)
rElec    .         Reflect  .   (no cloak)
rCorr    .         Harm     .   e - +0 pair of gloves
MR       .....                  (no boots)
Stlth    +++.......             (no amulet)
HPRegen  0.00/turn              a - ring of stealth
MPRegen  0.10/turn              (no ring)

@: about to teleport, rotting
A: rotting body, claws 1, carnivore, cold resistance 1, negative energy
resistance 3, inhibited regeneration, torment resistance, unbreathing
a: no special abilities


You were on level 3 of the Dungeon.
You were not hungry.

You visited 1 branch of the dungeon, and saw 3 of its levels.

You collected 66 gold pieces.

Inventory:

Armour
 e - a +0 pair of gloves (worn)
 g - a cursed +0 ring mail (worn)
Jewellery
 a - a ring of stealth (left hand)
Scrolls
 c - 2 scrolls of remove curse
 h - a scroll of teleportation
 m - 2 scrolls of fog
Potions
 f - 3 potions of curing
 j - a potion of degeneration {unknown}
 k - a potion of ambrosia {unknown}
 l - a potion of lignification {unknown}
Comestibles
 d - 3 rations


   Skills:
 + Level 1.4 Fighting
   Level 0.8 Short Blades
 + Level 0.6 Throwing
 + Level 0.9 Armour
 + Level 2.1 Dodging
 + Level 3.9 Stealth
 * Level 2.0 Unarmed Combat
 - Level 2.0 Spellcasting
 + Level 2.8 Hexes


You had 4 spell levels left.
You knew the following spells:

 Your Spells              Type           Power        Failure   Level  Hunger
a - Corona                Hex            #......      24%         1    ##.....
b - Ensorcelled Hibernat  Hex/Ice        #.....       54%         2    ###....

Your spell library contained the following spells:

 Spells                   Type           Power        Failure   Level  Hunger
 Confuse                  Hex            #.......     58%         3    ####...
 Tukima's Dance           Hex            #.......     58%         3    ####...
 Dazzling Spray           Conj/Hex       #.....       78%         3    ####...


Dungeon Overview and Level Annotations

Branches:
Dungeon (3/15)

Altars:
Nemelex Xobeh


Innate Abilities, Weirdness & Mutations

Your body is rotting away.
You thrive on raw meat.
You are immune to poison.
You have sharp fingernails.
You are carnivorous and can eat meat at any time.
Your flesh is cold resistant. (rC+)
You are immune to negative energy. (rN+++)
You do not regenerate when monsters are visible.
You are immune to unholy pain and torment.
You can survive without breathing.


Message History

You eat one of the 4 chunks of flesh.
This raw flesh tastes great!
The orc hits you but does no damage.
Eat one of 3 chunks of flesh? (ye/n/q)
You eat one of the 3 chunks of flesh.
This raw flesh tastes great!
The orc hits you with a +0 short sword of holy wrath.
You convulse.
Eat one of 2 chunks of flesh? (ye/n/q)
You eat one of the 2 chunks of flesh.
This raw flesh tastes great!
An orc comes into view.
The orc priest invokes the aid of Beogh against you.
Beogh smites you!
The orc hits you with a +0 short sword of holy wrath.
* * * LOW HITPOINT WARNING * * *
You convulse.
* * * LOW HITPOINT WARNING * * *
As you read the scroll of teleportation, it crumbles to dust.
You feel strangely unstable.
The orc priest invokes the aid of Beogh against you.
Beogh smites you!
You die...

.#.##.#.#.####### #
......#.........#.# .
................#.# ..
###.###..........$# ...
....# #........)####...o
.##.###..........o.....o
.#....#...##+#+#oo..o...
....#.#...# #o#####..
##.##<#... #@#
##.####... #!# ##.# #.
#.# ##.# #.# ##.# #.#
##.# ..# ##.. ###


You could see an orc priest and 3 orcs.

Vanquished Creatures
  3 adders
  4 worms (D:2)
  3 dart slugs
  7 orcs (D:3)
  A giant cockroach (D:2)
  3 goblins
  3 hobgoblins
  6 jackals
  5 kobolds
  8 bats
  2 frilled lizards
  7 rats
52 creatures vanquished.

Notes
Turn   | Place    | Note
-------+----------+-------------------------------------------
     0 | D:1      | Borgoz the Ghoul Enchanter began the quest for the Orb.
     0 | D:1      | Reached XP level 1. HP: 14/14 MP: 2/2
   258 | D:1      | Reached XP level 2. HP: 20/20 MP: 3/3
   290 | D:1      | Learned a level 2 spell: Ensorcelled Hibernation
   607 | D:1      | Reached skill level 1 in Unarmed Combat
   864 | D:2      | Reached XP level 3. HP: 6/27 MP: 4/4
  1422 | D:2      | Reached skill level 1 in Fighting
  1432 | D:2      | Found a sparkling altar of Nemelex Xobeh.
  1476 | D:2      | Reached XP level 4. HP: 12/35 MP: 6/6
  2527 | D:3      | Killed from afar by an orc priest

Skill      XL: |  1  2  3  4 |
---------------+-------------+-----
Unarmed Combat | 1 2 |  2.0
Spellcasting   | 2 |  2.0
Fighting       | 1 |  1.4
Dodging        | 2 |  2.1
Short Blades   | |  0.8
Throwing       | |  0.6
Armour         | |  0.9
Stealth        | |  3.9
Hexes          | |  2.8

Action                   |  1- 3 |  4- 6 || total
-------------------------+-------+-------++-------
Melee: Dagger            |   134 |       ||   134
       Unarmed           |    45 |   165 ||   210
 Cast: Corona            |     1 |       ||     1
  Use: Scroll            |     2 |     4 ||     6
       Potion            |     1 |       ||     1
 Stab: Sleeping          |     5 |     6 ||    11
  Eat: Chunk             |     8 |    13 ||    21
Armor: Robe              |     7 |       ||     7
       Ring mail         |    76 |    56 ||   132
Dodge: Dodged            |   103 |    66 ||   169
